 Dungeon Crawl Stone Soup version 0.29.1-1-gd02db6906a (webtiles) character file.

Game seed: 1733782989384897747

526 christhawk the Cudgeller (level 7, -5/56 HPs)
             Began as a Gnoll Wanderer on Sept 25, 2022.
             Was an Initiate of Okawaru.
             Slain by a hornet (10 damage)
             ... on level 5 of the Dungeon.
             The game lasted 00:13:54 (4928 turns).

christhawk the Cudgeller (Gnoll Wanderer)           Turns: 4928, Time: 00:13:55

Health: -5/56      AC: 16    Str: 14    XL:     7   Next: 23%
Magic:  19/19      EV:  6    Int: 12    God:    Okawaru [......]
Gold:   219        SH:  0    Dex:  8    Spells: 10/10 levels left

rFire   . . .      SeeInvis .   a - +0 demon trident
rCold   + + .      Faith    .   (no shield)
rNeg    . . .      Spirit   .   e - +0 chain mail {rC+}
rPois   .          Reflect  .   (no helmet)
rElec   .          Harm     .   (no cloak)
rCorr   .          Rampage  .   (no gloves)
Will    .....                   h - +1 pair of boots
Stlth   ..........              (no amulet)
HPRegen 0.18/turn               d - ring of Unuacw {Fly MP+9 AC+4 Dex-2}
MPRegen 0.16/turn               k - ring of protection from cold

@: lethally poisoned (-5 -> -10), flying, slowed, very slow
A: fangs 1, strong nose, distributed training
a: Renounce Religion


You were on level 5 of the Dungeon.
You worshipped Okawaru.
Okawaru was noncommittal.
You visited 1 branch of the dungeon, and saw 5 of its levels.

You collected 295 gold pieces.
You spent 75 gold pieces at shops.
You donated 1 gold pieces to Zin.

Inventory:

Hand Weapons
 a - a +0 demon trident (weapon)
Missiles
 b - 2 throwing nets (quivered)
Armour
 e - a +0 chain mail of cold resistance (worn)
 h - a +1 pair of boots (worn)
Jewellery
 d - the ring of Unuacw (left hand) {Fly MP+9 AC+4 Dex-2}
   (You found it on level 2 of the Dungeon)

   [ring of protection]

   AC:        It affects your AC (+4).
   Dex:       It affects your dexterity (-2).
   MP:        It affects your magic capacity (+9).
   Fly:       It grants you flight.
 i - a ring of fire
 k - a ring of protection from cold (right hand)
Wands
 c - a wand of charming (10)
 g - a wand of mindburst (12)
 j - a wand of roots (12)
Scrolls
 f - 6 scrolls of identify


   Skills:
 + Level 5.2 Fighting
 + Level 2.4 Short Blades
 + Level 2.4 Long Blades
 + Level 2.4 Axes
 + Level 7.0 Maces & Flails
 + Level 2.4 Polearms
 + Level 3.6 Staves
 + Level 2.4 Ranged Weapons
 + Level 3.6 Throwing
 + Level 5.2 Armour
 + Level 2.4 Dodging
 + Level 2.4 Stealth
 + Level 2.4 Shields
 + Level 2.4 Unarmed Combat
 + Level 2.4 Spellcasting
 + Level 2.0 Conjurations
 + Level 2.0 Hexes
 + Level 2.0 Summonings
 + Level 2.0 Necromancy
 + Level 2.0 Translocations
 + Level 2.0 Transmutations
 + Level 2.0 Fire Magic
 + Level 2.0 Ice Magic
 + Level 2.0 Air Magic
 + Level 2.0 Earth Magic
 + Level 2.0 Poison Magic
 + Level 3.8 Invocations
 + Level 2.4 Evocations


You had 10 spell levels left.
You didn't know any spells.
Your spell library contained the following spells:

 Spells                   Type           Power      Damage    Failure   Level
 Apportation              Tloc           12%        N/A       93%         1
 Necrotise                Necr           24%        1d5       93%         1
 Ensorcelled Hibernation  Hex/Ice        12%        N/A       98%         2
 Passwall                 Tmut/Erth      5%         N/A       98%         2
 Gell's Gravitas          Tloc           6%         N/A       100%        3
 Swiftness                Air            6%         N/A       100%        3
 Teleport Other           Tloc           6%         N/A       100%        3
 Vampiric Draining        Necr           6%         2d6       100%        3
 Agony                    Necr           6%         N/A       100%        5
 Alistair's Intoxication  Tmut/Pois      4%         N/A       100%        5
 Dispersal                Tloc           3%         N/A       100%        6


Dungeon Overview and Level Annotations

Branches:
Dungeon (5/15)
 Temple: D:4-7

Altars:
Cheibriados
Dithmenos
Okawaru
Zin

Shops:
D:1 ?   D:2 *(:?

Annotations:
D:5 3 runed translucent doors, cookedgoose's ghost, amateur VSBe; lambentLogic's ghost, novice KoEn


Innate Abilities, Weirdness & Mutations

You have very sharp teeth.
Your uncanny sense of smell can sniff out nearby items.
Your experience applies equally to all skills.


Message History

You feel yourself slow down. The hornet attacks as you move away!
The hornet stings you but does no damage.
You feel yourself speed up.
You feel very sick. The hornet stings you!
You are more poisoned.
You feel yourself slow down.
You aren't carrying any potions.
Okay, then.
Aiming: Mindburst
Press: ? - help, Shift-Dir - straight line, f/p - hornet
Aim: a hornet (heavily wounded, chance to affect: 67%)
The hornet's mind is blasted!
You feel yourself speed up.
You feel very sick. The hornet stings you.
* * * LOW HITPOINT WARNING * * *
You feel yourself slow down. The hornet stings you.
* * * LOW HITPOINT WARNING * * *
You suddenly lose the ability to move!
The hornet stings you.
* * * LOW HITPOINT WARNING * * *
You feel as though you will be slow longer.
* * * LOW HITPOINT WARNING * * *
You feel very sick.
The hornet stings you but does no damage.
You can move again.
Aiming: Mindburst
Press: ? - help, Shift-Dir - straight line, f/p - hornet
Aim: a hornet (almost dead, chance to affect: 67%)
The hornet struggles to resist.
* * * LOW HITPOINT WARNING * * *
You feel very sick.
The hornet stings you but does no damage.
The hornet completely misses you. The hornet attacks as you move away!
The hornet stings you but does no damage.
* * * LOW HITPOINT WARNING * * *
You feel sick. The hornet barely misses you. The hornet stings you!
You die...

#.# #.# #.# #.# #..
####. ######## #....
#......##### #.###
#..@...#########.###
##..y##..............
#...#.#.##.#.####.... ∆
#..........#.# #.##.
#...###.####.# #....
#..........####.####.##.
##.....###........##.##.
#...... ##.......##.##)
#.....# #.......##....


You could see a hornet.

Vanquished Creatures
  Menkaure (D:4)
  A scorpion (D:5)
  2 orc priests (D:4)
  A hound (D:4)
  A jelly (D:5)
  7 gnolls
  6 adders
  2 worms
  2 dart slugs (D:4)
  11 orcs
  6 bats
  6 endoplasms
  5 giant cockroaches
  7 hobgoblins
  A jackal (D:1)
  5 quokkas
  7 ball pythons
  6 goblins
  4 kobolds
  3 rats
84 creatures vanquished.

Vanquished Creatures (others)
  An orc wizard (D:4)
1 creature vanquished.

Grand Total: 85 creatures vanquished

Notes
Turn   | Place    | Note
-------+----------+-------------------------------------------
     0 | D:1      | christhawk the Gnoll Wanderer began the quest for the Orb.
     0 | D:1      | christhawk set off with the following items: a +2 mace, a
                  | +0 quarterstaff, a +0 scale mail, a potion of attraction.
     0 | D:1      | Reached XP level 1. HP: 20/20 MP: 2/2
    35 | D:1      | Found Yluefeug's Magic Scroll Emporium.
   117 | D:1      | Reached XP level 2. HP: 26/26 MP: 3/3
   158 | D:1      | Found a faded altar of an unknown god.
   469 | D:1      | Prayed at the altar of an unknown god.
   469 | D:1      | Became a worshipper of Zin the Law-Giver
   469 | D:1      | Reached * piety under Zin
   470 | D:1      | Fell from the grace of Zin
   675 | D:2      | Found Focaymunt's Antique Weapon Emporium.
   676 | D:2      | Found Cubulaar's Book Shop.
   680 | D:2      | Reached XP level 3. HP: 31/31 MP: 4/4
   690 | D:2      | Identified the ring of Unuacw {Fly MP+9 AC+4 Dex-2}
   857 | D:2      | Reached skill level 1 in Short Blades
   857 | D:2      | Reached skill level 1 in Long Blades
   857 | D:2      | Reached skill level 1 in Axes
   857 | D:2      | Reached skill level 1 in Polearms
   857 | D:2      | Reached skill level 1 in Ranged Weapons
   857 | D:2      | Reached skill level 1 in Dodging
   857 | D:2      | Reached skill level 1 in Stealth
   857 | D:2      | Reached skill level 1 in Shields
   857 | D:2      | Reached skill level 1 in Unarmed Combat
   857 | D:2      | Reached skill level 1 in Spellcasting
   857 | D:2      | Reached skill level 1 in Evocations
   862 | D:2      | Reached XP level 4. HP: 12/38 MP: 6/6
  1116 | D:2      | Reached skill level 1 in Conjurations
  1116 | D:2      | Reached skill level 1 in Hexes
  1116 | D:2      | Reached skill level 1 in Summonings
  1116 | D:2      | Reached skill level 1 in Necromancy
  1116 | D:2      | Reached skill level 1 in Translocations
  1116 | D:2      | Reached skill level 1 in Transmutations
  1116 | D:2      | Reached skill level 1 in Fire Magic
  1116 | D:2      | Reached skill level 1 in Ice Magic
  1116 | D:2      | Reached skill level 1 in Air Magic
  1116 | D:2      | Reached skill level 1 in Earth Magic
  1116 | D:2      | Reached skill level 1 in Poison Magic
  1597 | D:2      | Found Fawyvic's Magic Scroll Emporium.
  1863 | D:2      | Found Nyilircho's General Store.
  1881 | D:2      | Bought a scroll of enchant armour for 75 gold pieces
  2322 | D:3      | Reached XP level 5. HP: 43/43 MP: 7/7
  2426 | D:3      | Found a shadowy altar of Dithmenos.
  2751 | D:4      | Noticed Menkaure
  3206 | D:5      | Entered Level 5 of the Dungeon
  3491 | D:5      | Reached XP level 6. HP: 40/50 MP: 8/8
  3580 | D:5      | Reached skill level 5 in Fighting
  3580 | D:5      | Reached skill level 5 in Armour
  3713 | D:5      | Found an iron altar of Okawaru.
  3721 | D:5      | Became a worshipper of Warmaster Okawaru
  3998 | D:4      | Found a snail-covered altar of Cheibriados.
  4031 | D:4      | Killed Menkaure
  4032 | D:4      | Reached skill level 7 in Maces & Flails
  4032 | D:4      | Reached XP level 7. HP: 56/56 MP: 10/10
  4593 | D:5      | Found a runed translucent gate.
  4593 | D:5      | Found a runed translucent gate.
  4593 | D:5      | Found a runed translucent gate.
  4594 | D:5      | Noticed lambentLogic's ghost (novice KoEn)
  4594 | D:5      | Noticed cookedgoose's ghost (amateur VSBe)
  4919 | D:5      | Noticed a hornet
  4925 | D:5      | Paralysed by a hornet for 2 turns
  4928 | D:5      | Slain by a hornet

Illustrated notes

Levels and vault maps discovered:
D:1:      spicycebolla_arrival_clurvy, layout_rooms, serial_shops,
          nicolae_shop_statue_plus, ebering_ecumenical_altar_sacrificial,
          minmay_surrounded
D:2:      layout_basic, serial_shops, shop, shop, nicolae_shop_statue_plus,
          nicolae_shop_advertising_works [nicolae_subvault_shop_adworks],
          chequers_decorated_corner, minmay_quantized
D:3:      layout_basic, grunt_dithmenos_smoke_and_mirrors
D:4:      layout_basic, mainiacjoe_overflow_alcove_1, minivault_14,
          uniq_menkaure
D:5:      layout_loops_cross, mainiacjoe_overflow_boulevard,
          gammafunk_ghost_cemetery, dk_noncrumbling_3

Skill      XL: |  1  2  3  4  5  6  7 |
---------------+----------------------+-----
Short Blades   | 1 2 |  2.4
Long Blades    | 1 2 |  2.4
Axes           | 1 2 |  2.4
Polearms       | 1 2 |  2.4
Ranged Weapons | 1 2 |  2.4
Dodging        | 1 2 |  2.4
Stealth        | 1 2 |  2.4
Shields        | 1 2 |  2.4
Unarmed Combat | 1 2 |  2.4
Spellcasting   | 1 2 |  2.4
Evocations     | 1 2 |  2.4
Conjurations   | 1 2 |  2.0
Hexes          | 1 2 |  2.0
Summonings     | 1 2 |  2.0
Necromancy     | 1 2 |  2.0
Translocations | 1 2 |  2.0
Transmutations | 1 2 |  2.0
Fire Magic     | 1 2 |  2.0
Ice Magic      | 1 2 |  2.0
Air Magic      | 1 2 |  2.0
Earth Magic    | 1 2 |  2.0
Poison Magic   | 1 2 |  2.0
Invocations    | 3 |  3.8
Staves         | 3 |  3.6
Throwing       | 3 |  3.6
Fighting       | 5 |  5.2
Armour         | 5 |  5.2
Maces & Flails | 7 |  7.0

Action                   |  1- 3 |  4- 6 |  7- 9 || total
-------------------------+-------+-------+-------++-------
Melee: Mace              |    33 |       |       ||    33
       Demon trident     |    26 |   189 |    30 ||   245
       Bite              |     4 |    10 |     2 ||    16
       Punch             |     1 |     3 |     1 ||     5
Invok: Renounce Religion |     1 |       |       ||     1
Evoke: Wand              |       |     4 |     3 ||     7
  Use: Scroll            |     5 |     6 |     2 ||    13
       Potion            |     1 |     6 |       ||     7
Armor: Scale mail        |    42 |   100 |       ||   142
       Chain mail        |       |    10 |    25 ||    35
Dodge: Dodged            |    45 |    61 |     4 ||   110
